 Dungeon Crawl Stone Soup version 0.30.1-11-g7821555f0a (webtiles) character file.

Game seed: 16584229091016852033

65 comborobin the Sneak (level 3, -3/31 HPs)
             Began as a Draconian Delver on Nov 19, 2023.
             Slain by a scorpion (5 damage)
             ... on level 2 of the Dungeon.
             The game lasted 00:02:12 (1235 turns).

comborobin the Sneak (Draconian Delver)             Turns: 1235, Time: 00:02:12

Health: -3/31      AC:  6    Str: 14    XL:     3   Next: 94%
Magic:  3/3        EV: 12    Int: 10    God:
Gold:   62         SH:  0    Dex: 14    Spells: 2/2 levels left

rFire   . .          .
                       - Unarmed
rCold   . . .        (no shield)
rNeg    . . .        (body armour unavailable)
rPois   .            (helmet restricted)
rElec   .            (no cloak)
rCorr   .            (no gloves)
SInv    .            f - +0 pair of boots
Will    .....        (no amulet)
Stlth   +++          (no ring)
HPRegen 0.25/turn    (no ring)
MPRegen 0.08/turn

%: no passive effects
@: lethally poisoned (-3 -> -9)
A: AC +5, unfitting armour, cold-blooded
a: no special abilities


You were on level 2 of the Dungeon.
You visited 1 branch of the dungeon, and saw 5 of its levels.

You collected 62 gold pieces.

Inventory:

Missiles
 l - a throwing net (quivered)
Armour
 f - a +0 pair of boots (worn)
Magical Staves
 m - a staff of earth
Wands
 e - a wand of digging (3)
Scrolls
 a - 2 scrolls of fog
 c - a scroll of fear
 g - a scroll of teleportation
 i - 2 scrolls of noise
Potions
 b - 2 potions of berserk rage {unknown}
 d - a potion of curing {unknown}
 h - a potion of invisibility {unknown}
 j - a potion of ambrosia {unknown}
 k - 2 potions of magic {unknown}


   Skills:
 - Level 3.3 Fighting
 - Level 1.9 Dodging
 - Level 4.6 Stealth
 + Level 4.1 Unarmed Combat


You had 2 spell levels left.
You didn't know any spells.
Your spell library was empty.

Dungeon Overview and Level Annotations

Branches:
Dungeon (5/15)
 Temple: D:4-7

Altars:

Annotations:
D:3 Natasha


Innate Abilities, Weirdness & Mutations

Your plain brown scales are hard. (AC +5)
You cannot fit into any form of body armour.
You are cold-blooded and may be slowed by cold attacks.


Message History

No target in view!
No target in view!
(D) Dungeon
Where to? (Enter - D:1 @ (x,y), ? - help)
You see here a rat corpse.
You see here a +0 dagger.
You see here an adder skeleton.
There is a stone staircase leading down, spattered with blood here.
You climb downwards.
Level annotation: Natasha The scorpion stings you. x2
There is a stone staircase leading up, spattered with blood here.
Things that are here:
a +0 dagger; a goblin skeleton; a hobgoblin skeleton There's nothing to open nearby.
There's nothing to open nearby.
You hit the scorpion.
You tail-slap the scorpion, but do no damage.
The scorpion is lightly wounded.
The scorpion stings you. The worm bites you but does no damage.
You hit the scorpion. You punch the scorpion.
The scorpion is moderately wounded.
The scorpion barely misses you. The worm bites you but does no damage.
You hit the scorpion.
The scorpion is heavily wounded.
The scorpion stings you but does no damage.
The scorpion barely misses you. The scorpion stings you.
You are poisoned.
The scorpion poisons you! The worm bites you!
* * * LOW HITPOINT WARNING * * *
You climb upwards.
* * * LOW HITPOINT WARNING * * *
You feel very sick.
There is a stone staircase leading down, spattered with blood here.
You aren't wearing any rings or amulets.
You hit the scorpion.
The scorpion is severely wounded.
* * * LOW HITPOINT WARNING * * *
You feel sick. The scorpion stings you.
You die...

###.#.#.###..###.##
#....#.## #.## ##.#
.##.#.###.###..###.##
.##..## ##.#.##.#.##
.##.## ##.####.##
<##..## ##..# #.#
.##.#.###.#.# #.#
.##.##.#.##.# #s#
.##.........# #@#
...........## #w#
....####.#.# #.#
###.# ##†..## #.#
#.###.....## #.#
#.##.......###.#
#.##)).........#
###.##.......#####
....###.....##


You could see a worm and a scorpion.

Vanquished Creatures
  2 adders (D:2)
  2 worms (D:2)
  A dart slug (D:2)
  An orc (D:2)
  An endoplasm (D:2)
  3 goblins
  5 hobgoblins
  4 jackals (D:1)
  4 kobolds
  4 quokkas
  2 ball pythons (D:1)
  2 bats (D:2)
  A frilled lizard (D:1)
  5 rats
37 creatures vanquished.

Notes
Turn   | Place    | Note
-------+----------+-------------------------------------------
     0 | D:5      | comborobin the Draconian Delver began the quest for the
                  | Orb.
     0 | D:5      | Reached XP level 1. HP: 19/19 MP: 1/1
    39 | D:4      | Noticed a scorpion
    53 | D:3      | Noticed Natasha
   155 | D:2      | Reached XP level 2. HP: 22/26 MP: 2/2
   686 | D:1      | Reached XP level 3. HP: 29/31 MP: 3/3
  1235 | D:2      | Slain by a scorpion

Illustrated notes

Levels and vault maps discovered:
D:1:      minmay_arrival_nine_rooms, layout_basic
D:2:      layout_loops_ring
D:3:      layout_rooms, ebering_ecumenical_altar_abandoned,
          nicolae_eternal_life, uniq_robin, uniq_natasha, uniq_sigmund
D:4:      cheibrodos_helix_gallery, layout_layer_cave, minmay_misc_feat_rugged,
          grunt_decor_junction, hex_medium, uniq_eustachio, uniq_grinder
D:5:      layout_cave_pools, minmay_temple_entry_nine_rooms, serial_demonic,
          serial_demonic_g, serial_demonic_f, serial_demonic_c,
          serial_demonic_g, serial_demonic_f, uniq_edmund

Skill      XL: |  1  2  3 |
---------------+----------+-----
Unarmed Combat | 3 4 |  4.1
Fighting       | |  3.3
Dodging        | |  1.9
Stealth        | |  4.6

Action                     || total
---------------------------++-------
  Melee: Unarmed           ||   145
         Tailslap          ||    24
         Punch             ||     4
    Use: Scroll            ||     4
         Potion            ||     1
   Stab: Sleeping          ||     7
 Armour: Skin              ||    45
  Dodge: Dodged            ||    92
